 Dungeon Crawl Stone Soup version 0.17-a0-1850-g688e747 (webtiles) character file.

63995 hexophile the Fighter (level 15, -1/138 HPs)
             Began as a Hill Orc Fighter on Sept 19, 2015.
             Was a High Priest of Beogh.
             Slain by a ten-headed hydra (11 damage)
             ... on level 3 of the Swamp.
             The game lasted 01:09:10 (19854 turns).

hexophile the Fighter (Hill Orc Fighter)           Turns: 19854, Time: 01:09:10

Health: -1/138     AC: 19    Str: 21    XL:     15   Next: 11%
Magic:  21/24      EV:  8    Int: 13    God:    Beogh [*****.]
Gold:   1665       SH: 21    Dex: 10    Spells: 1 memorised, 11 levels left

rFire  + + .     SeeInvis .     q - +7 long sword "Qeilok" {flame, rN+}
rCold  . . .     Clarity  .     m - +2 leather armour "Huost" {rPois rF+}
rNeg   + . .     SustAt   .     V - +1 large shield
rPois  +         Gourm    .     Q - +1 hat
rElec  .         Spirit   .     C - +4 cloak of the Barnacle {rCorr}
rCorr  +         Warding  .     u - +0 pair of gloves
rMut   .         Stasis   .     G - +2 pair of boots {Fly}
MR     +....                    b - amulet of regeneration
Stlth  +.........               d - ring of protection from fire
                                M - +5 ring of slaying

@: flying, somewhat resistant to hostile enchantments, very unstealthy
A: walk on water
a: Smiting, Recall Orcish Followers, Give Item to Named Follower, Renounce
Religion, Stop Flying


You were on level 3 of the Swamp.
You worshipped Beogh.
Beogh was extremely pleased with you.
You were hungry.

You visited 6 branches of the dungeon, and saw 29 of its levels.
You visited 1 bazaar.
You also visited: Labyrinth.

You collected 2361 gold pieces.
You spent 696 gold pieces at shops.

Inventory:

Hand weapons
 q - the +7 long sword "Qeilok" (weapon) {flame, rN+}
   (You found it on level 6 of the Dungeon)

   It has been specially enchanted to burn those struck by it, causing extra
   injury to most foes and up to half again as much damage against particularly
   susceptible opponents.
   Big, fiery blades are also staple armaments of hydra-hunters.
   It protects you from negative energy.
 w - a +7 long sword of electrocution
 W - a +1 broad axe of electrocution
 Y - a +2 war axe of electrocution
Missiles
 f - 641 stones (quivered)
Armour
 i - the cursed +1 scale mail "Jylipt" {MR+}
   (You bought it in a shop in a bazaar)

   It affects your resistance to hostile enchantments.
   It has a curse placed upon it.
 m - the +2 leather armour "Huost" (worn) {rPois rF+}
   (You found it on level 1 of the Swamp)

   It protects you from fire.
   It protects you from poison.
 u - a +0 pair of gloves (worn)
 y - a +2 scale mail of fire resistance
 C - the +4 cloak of the Barnacle (worn) {rCorr}
   (You found it on level 1 of the Lair of Beasts)

   It protects you from acid and corrosion.
 G - a +2 pair of boots of flying (worn)
 Q - a +1 hat (worn)
 V - a +1 large shield (worn)
Jewellery
 b - an amulet of regeneration (around neck)
 d - a ring of protection from fire (right hand)
 j - an uncursed amulet of faith
 M - a +5 ring of slaying (left hand)
Magical devices
 c - a wand of slowing (38)
 h - a wand of fireball (9)
 l - a wand of digging (9)
 t - a wand of lightning (9)
 O - a wand of draining (5)
Scrolls
 e - 3 scrolls of summoning
 g - 4 scrolls of enchant armour
 k - 4 scrolls of remove curse
 n - 3 scrolls of immolation
 p - 7 scrolls of identify
 r - a scroll of holy word
 s - 6 scrolls of recharging
 v - 5 scrolls of teleportation
 D - 3 scrolls of amnesia
 H - 2 scrolls of fog
 R - 6 scrolls of blinking
Potions
 a - 5 potions of curing
 z - 2 potions of mutation {!q}
 A - a potion of magic
 B - 2 potions of brilliance
 E - a potion of haste
 F - 3 potions of ambrosia
 P - a potion of heal wounds
 S - 2 potions of agility
 U - a potion of cure mutation {!q}
 Z - a potion of resistance
Books
 I - a Fen Folio

   Spells                             Type                      Level
   a - Corpse Rot                     Necromancy                   2
   b - Stone Arrow                    Conjuration/Earth            3
   c - Leda's Liquefaction            Hexes/Earth                  4
   d - Summon Forest                  Summoning/Translocation      5
   e - Hydra Form                     Transmutation                6
   f - Summon Hydra                   Summoning                    7
 K - the Tome of Transformation
   (You found it in a labyrinth)

   Spells                             Type                      Level
   a - Spider Form                    Transmutation/Poison         3
   b - Passwall                       Transmutation/Earth          3
   c - Ice Form                       Ice/Transmutation            4
   d - Petrify                        Transmutation/Earth          4
 N - a book of the Warp

   Spells                             Type                      Level
   a - Recall                         Summoning/Translocation      3
   b - Gell's Gravitas                Hexes/Translocation          3
   c - Force Lance                    Conjuration/Translocation    4
   d - Phase Shift                    Translocation                5
   e - Warp Weapon                    Charms/Translocation         5
   f - Summon Forest                  Summoning/Translocation      5
Miscellaneous
 T - a stone of tremors
Comestibles
 o - 6 meat rations
 x - 9 fruits


You had 11 spell levels left.
You knew the following spells:

 Your Spells              Type           Power        Failure   Level  Hunger
a - Tukima's Dance        Hex            ##......     89%         3    ####...


   Skills:
 * Level 14.0 Fighting
 - Level 10.1 Long Blades
 - Level 13.0 Axes
 * Level 12.5 Armour
 * Level 12.4 Shields
 - Level 4.3 Hexes
 - Level 12.5 Invocations
 * Level 3.6 Evocations

Dungeon Overview and Level Annotations

Branches:
Dungeon (12/15)            Temple (1/1) D:5            Lair (8/8) D:10
  Swamp (3/4) Lair:3        Snake (0/4) Lair:6        Slime (0/6) Lair:6
    Orc (4/4) D:12            Elf (1/3) Orc:3

Altars:
Ashenzari
Cheibriados
Dithmenos
Elyvilon
Fedhas
Gozag
Kikubaaqudgha
Makhleb
Nemelex Xobeh
Okawaru
Qazlal
Ru
Sif Muna
Trog
Vehumet
Xom
Yredelemnul
Zin
The Shining One
Beogh
Jiyva

Shops:
D:12 =[}*}   Orc:3 :   Orc:4 =*([

Annotations:
D:4 exclusion: downstairs
D:5 Dowan, Duvessa
D:9 exclusion: downstairs

Vault maps used:
D:1:      eino_arrival_cavern_a, minmay_distorted
D:2:      lemuel_coloured_pillars_altar, uniq_iyjb
D:5:      minmay_temple_entry_grid, first_bread, uniq_duvessa, uniq_eustachio
D:6:      lemuel_doored_altar, basic_altar
D:8:      overflow_temple_1_default, old_standard_altar, hangedman_tree_tricks,
          corexii_corridor_pit, uniq_maurice
D:9:      xom_redecorated, amethyst_overflow_temple_binary, uniq_erolcha
D:10:     lair_0_dummy, uniq_fannar, uniq_harold
D:12:     orc_david_3, serial_shops, bzr_entry_gold, nicolae_shop_crystal,
          kennysheep_mini_moat, nicolae_shop_statue_plus, kennysheep_mini,
          minmay_another_anthill
Temple:   chambers_temple_12
Lair:1:   beast_lair_carwin_large_3, lab_entry_generic, fungi_pond_lemuel,
          grunt_forest_large_clearings, uniq_urug
Lair:2:   beast_lair_carwin_8, uniq_gastronok
Lair:3:   minmay_swamp_entry_reptiles, infiniplex_staircase_pool,
          lemuel_fruit_fields
Lair:5:   basic_altar, serial_bayou_pond_b
Lair:6:   guppyfry_snake_entry_island, slime_altar_1, lemuel_oklob_altar,
          grunt_megastairs_1
Lair:7:   uniq_kirke
Lair:8:   wormcave, hangedman_lair_tendril_chambers,
          lightli_volcano_entry_magma_tube, uniq_maud
Swamp:1:  nicolae_swamp_round_clearing
Swamp:2:  evilmike_swamp_ruin_house_5, uniq_donald
Swamp:3:  nicolae_swamp_dense_foliage
Orc:1:    basic_altar
Orc:2:    uniq_sonja
Orc:3:    serial_shops, nicolae_shop_competitors_out_of_business,
          nicolae_shop_trees, nicolae_orc_pool_cavern
Orc:4:    grunt_orc_gardens, grunt_orc_garden, grunt_orc_garden,
          grunt_orc_garden, grunt_orc_garden
Elf:1:    eino_elf_arrival_shootout, serial_shops, nicolae_shop_waterfront,
          hangedman_elf_represent, nicolae_twisting_strands,
          hangedman_elven_ridges
Lab:      labyrinth_mini_lab, nicolae_lab_swirl, labyrinth_glass_2,
          nicolae_lab_stuck
Bazaar:   bazaar_jpeg_cross

Vault maps used:
D:1:      eino_arrival_cavern_a, minmay_distorted
D:2:      lemuel_coloured_pillars_altar, uniq_iyjb
D:5:      minmay_temple_entry_grid, first_bread, uniq_duvessa, uniq_eustachio
D:6:      lemuel_doored_altar, basic_altar
D:8:      overflow_temple_1_default, old_standard_altar, hangedman_tree_tricks,
          corexii_corridor_pit, uniq_maurice
D:9:      xom_redecorated, amethyst_overflow_temple_binary, uniq_erolcha
D:10:     lair_0_dummy, uniq_fannar, uniq_harold
D:12:     orc_david_3, serial_shops, bzr_entry_gold, nicolae_shop_crystal,
          kennysheep_mini_moat, nicolae_shop_statue_plus, kennysheep_mini,
          minmay_another_anthill
Temple:   chambers_temple_12
Lair:1:   beast_lair_carwin_large_3, lab_entry_generic, fungi_pond_lemuel,
          grunt_forest_large_clearings, uniq_urug
Lair:2:   beast_lair_carwin_8, uniq_gastronok
Lair:3:   minmay_swamp_entry_reptiles, infiniplex_staircase_pool,
          lemuel_fruit_fields
Lair:5:   basic_altar, serial_bayou_pond_b
Lair:6:   guppyfry_snake_entry_island, slime_altar_1, lemuel_oklob_altar,
          grunt_megastairs_1
Lair:7:   uniq_kirke
Lair:8:   wormcave, hangedman_lair_tendril_chambers,
          lightli_volcano_entry_magma_tube, uniq_maud
Swamp:1:  nicolae_swamp_round_clearing
Swamp:2:  evilmike_swamp_ruin_house_5, uniq_donald
Swamp:3:  nicolae_swamp_dense_foliage
Orc:1:    basic_altar
Orc:2:    uniq_sonja
Orc:3:    serial_shops, nicolae_shop_competitors_out_of_business,
          nicolae_shop_trees, nicolae_orc_pool_cavern
Orc:4:    grunt_orc_gardens, grunt_orc_garden, grunt_orc_garden,
          grunt_orc_garden, grunt_orc_garden
Elf:1:    eino_elf_arrival_shootout, serial_shops, nicolae_shop_waterfront,
          hangedman_elf_represent, nicolae_twisting_strands,
          hangedman_elven_ridges
Lab:      labyrinth_mini_lab, nicolae_lab_swirl, labyrinth_glass_2,
          nicolae_lab_stuck
Bazaar:   bazaar_jpeg_cross
You       could see a ten-headed hydra, 2 giant leeches, 2 bog bodies, a swamp
          worm, 2 vampire mosquitoes, the friendly
Wargath   the orc knight, the friendly
Marbork   the orc sorcerer, 2 friendly orc warriors, 2 friendly orc priests, a
          friendly orc wizard and 2 friendly orcs.


Message History

The eight-headed hydra grows two more!
You slash the ten-headed hydra!
You block the vampire mosquito's attack.
The vampire mosquito closely misses you.
Your orc priest barely misses the giant leech.
The bog body barely misses your orc. The bog body misses your orc.
The ten-headed hydra bites you but does no damage.
You block the ten-headed hydra's attack.
The ten-headed hydra bites you but does no damage. x2
You block the ten-headed hydra's attack.
The ten-headed hydra bites you but does no damage.
The ten-headed hydra completely misses you.
The ten-headed hydra bites you.
You block the ten-headed hydra's attack. x2
The giant leech bites you!
The vampire mosquito closely misses you.
The vampire mosquito bites you but does no damage.
A giant leech comes into view.
You slice one of the ten-headed hydra's heads off!
The nine-headed hydra grows two more!
You slash the 11-headed hydra!
You block the vampire mosquito's attack. x2
Your orc priest casts a cantrip, but nothing happens.
Your orc priest hits the giant leech.
The bog body hits your orc. The bog body closely misses your orc.
You block the 11-headed hydra's attack.
The 11-headed hydra bites you but does no damage.
You block the 11-headed hydra's attack.
The 11-headed hydra bites you but does no damage. x2
The 11-headed hydra bites you! x2
The 11-headed hydra bites you but does no damage. x2
You block the 11-headed hydra's attack.
The 11-headed hydra bites you but does no damage.
The vampire mosquito bites you but does no damage.
The giant leech barely misses you.
You block the vampire mosquito's attack.
You chop one of the 11-headed hydra's heads off!
The ten-headed hydra grows two more!
You hit the 12-headed hydra.
You block the vampire mosquito's attack.
Your orc hits the bog body with a dagger.
You block the vampire mosquito's attack.
Your orc priest barely misses the giant leech.
Your orc priest splashes around in the water.
The bog body hits your orc but does no damage.
The bog body touches your orc. The bog body freezes your orc!
Your orc dies!
You hear a splash. x2
The 12-headed hydra bites you but does no damage. x2
The 12-headed hydra bites you! You block the 12-headed hydra's attack.
You block the 12-headed hydra's attack.
The 12-headed hydra bites you but does no damage. x3
The 12-headed hydra bites you.
The 12-headed hydra bites you but does no damage. x2
The 12-headed hydra barely misses you. You block the giant leech's attack.
Wield which item (- for none, * to show all)? (? for menu, Esc to quit)
Your +7 long sword of electrocution stops crackling.
It bursts into flame!
q - the +7 long sword "Qeilok" (weapon)
{flame, rN+} You block the vampire mosquito's attack.
The vampire mosquito bites you but does no damage.
Your orc priest hits the giant leech. x2
You chop one of the 12-headed hydra's heads off!
The flame cauterises the wound!
You slash the 11-headed hydra! You burn the 11-headed hydra.
You block the vampire mosquito's attack.
The vampire mosquito bites you. The 11-headed hydra misses you.
The 11-headed hydra bites you but does no damage.
You block the 11-headed hydra's attack.
The 11-headed hydra bites you but does no damage. x2
You block the 11-headed hydra's attack. The 11-headed hydra bites you.
The 11-headed hydra bites you but does no damage.
The 11-headed hydra bites you!
* * * LOW HITPOINT WARNING * * *
The 11-headed hydra bites you but does no damage. x2
You block the vampire mosquito's attack.
The vampire mosquito bites you but does no damage.
Your orc priest hits the giant leech but does no damage.
The giant leech bites you!
* * * LOW HITPOINT WARNING * * *
The bog body casts a spell at you. The bolt of cold misses you.
You lop one of the 11-headed hydra's heads off!
The flame cauterises the wound!
You slash the ten-headed hydra! You burn the ten-headed hydra.
The vampire mosquito bites you.
* * * LOW HITPOINT WARNING * * *
You block the vampire mosquito's attack.
You block the ten-headed hydra's attack. x3
The ten-headed hydra bites you!
* * * LOW HITPOINT WARNING * * *
The ten-headed hydra bites you but does no damage.
The ten-headed hydra completely misses you.
The ten-headed hydra bites you.
* * * LOW HITPOINT WARNING * * *
The ten-headed hydra bites you but does no damage. x2
You block the ten-headed hydra's attack.
The vampire mosquito closely misses you.
The vampire mosquito barely misses you.
Your orc priest hits the giant leech.
Smite: a ten-headed hydra (heavily wounded)
You smite the ten-headed hydra!
You feel somewhat more hungry.
The vampire mosquito bites you but does no damage. x2
You block the ten-headed hydra's attack.
The ten-headed hydra bites you!
You die...

Action                   |  1- 3 |  4- 6 |  7- 9 | 10-12 | 13-15 || total
-------------------------+-------+-------+-------+-------+-------++-------
Melee: War axe           |   111 |   152 |   110 |     6 |       ||   379
       Long sword        |       |       |   192 |   430 |   665 ||  1287
Throw: Throwing net      |       |       |       |     1 |       ||     1
Invok: Smiting           |       |       |     2 |     5 |    17 ||    24
       Recall Orcish Fol |       |       |       |       |    13 ||    13
       Give Item to Name |       |       |       |       |     2 ||     2
Evoke: Wand              |       |       |       |     6 |    14 ||    20
  Use: Scroll            |     2 |    12 |     4 |    22 |     8 ||    48
       Potion            |       |     5 |     2 |     5 |     3 ||    15
 Stab: Distracted        |       |       |       |     1 |     4 ||     5
  Eat: Chunk             |     1 |     6 |     5 |     2 |     5 ||    19
       Pizza             |       |       |     1 |       |     1 ||     2
       Bread ration      |       |       |     2 |       |     2 ||     4
       Fruit             |       |       |       |    15 |     4 ||    19
       Meat ration       |       |       |       |     1 |     1 ||     2
       Beef jerky        |       |       |       |       |     1 ||     1

Notes
Turn   | Place    | Note
--------------------------------------------------------------
     0 | D:1      | hexophile the Hill Orc Fighter began the quest for the Orb.
     0 | D:1      | Reached XP level 1. HP: 19/19 MP: 1/1
   268 | D:1      | Reached XP level 2. HP: 24/26 MP: 2/2
   730 | D:1      | Reached skill level 4 in Axes
   791 | D:2      | Reached XP level 3. HP: 28/31 MP: 3/3
  1082 | D:2      | Reached skill level 5 in Axes
  1173 | D:2      | Found a deep blue altar of Sif Muna.
  1409 | D:2      | Noticed Ijyb
  1419 | D:2      | Killed Ijyb
  1419 | D:2      | Reached XP level 4. HP: 39/39 MP: 4/4
  1716 | D:3      | Reached skill level 6 in Axes
  2453 | D:4      | Reached XP level 5. HP: 34/45 MP: 5/5
  2499 | D:4      | Noticed a giant frog
  2513 | D:4      | Killed a giant frog
  2513 | D:4      | Reached skill level 7 in Axes
  2515 | D:4      | HP: 8/45 [orc wizard/puff of flame (6)]
  2759 | D:4      | Noticed an ice beast
  2766 | D:4      | Killed an ice beast
  2766 | D:4      | Reached skill level 8 in Axes
  2766 | D:4      | Reached XP level 6. HP: 40/51 MP: 6/6
  2862 | D:4      | Reached skill level 9 in Axes
  3094 | D:4      | Noticed an ogre
  3114 | D:4      | Killed an ogre
  3114 | D:4      | Reached XP level 7. HP: 41/57 MP: 7/7
  3252 | D:4      | Reached skill level 10 in Axes
  3494 | D:5      | Entered Level 5 of the Dungeon
  3592 | D:5      | Found a staircase to the Ecumenical Temple.
  3614 | Temple   | Entered the Ecumenical Temple
  3890 | D:5      | Noticed Eustachio
  3909 | D:5      | Killed Eustachio
  3909 | D:5      | Reached skill level 11 in Axes
  3942 | D:5      | Reached XP level 8. HP: 39/64 MP: 8/8
  3951 | D:5      | HP: 12/64 [killer bee (6)]
  3954 | D:5      | HP: 4/64 [killer bee (4)]
  3960 | D:5      | HP: 2/64 [poisoned by a killer bee]
  3967 | D:5      | HP: 1/64 [poisoned by a killer bee]
  3975 | D:5      | HP: 1/64 [poisoned by a killer bee]
  4078 | D:5      | Reached skill level 12 in Axes
  4387 | D:5      | Noticed Dowan
  4389 | D:5      | Noticed Duvessa
  4411 | D:4      | Noticed a hippogriff
  4420 | D:4      | Killed a hippogriff
  4599 | D:6      | Got a bloodstained long sword
  4616 | D:6      | Reached skill level 13 in Axes
  4624 | D:6      | Identified the +7 long sword "Qeilok" {flame, rN+} (You found it on level 6 of the Dungeon)
  4636 | D:6      | Found a glowing silver altar of Zin.
  5068 | D:6      | Reached skill level 1 in Long Blades
  5173 | D:6      | Became a worshipper of Beogh the Brigand
  5448 | D:6      | Reached skill level 5 in Fighting
  5501 | D:6      | Found an iron altar of Okawaru.
  5718 | D:7      | Reached XP level 9. HP: 74/74 MP: 9/9
  5728 | D:7      | Acquired Beogh's first power
  6472 | D:7      | HP: 10/75 [orc warrior/short sword (16)]
  6473 | D:7      | Reached skill level 5 in Long Blades
  6649 | D:7      | Acquired Beogh's second power
  7173 | D:8      | Found a white marble altar of Elyvilon.
  7254 | D:8      | Noticed Maurice
  7266 | D:8      | Killed Maurice
  7332 | D:8      | Found a shattered altar of Ashenzari.
  7624 | D:8      | Reached XP level 10. HP: 74/88 MP: 10/10
  7657 | D:8      | Found a blossoming altar of Fedhas.
  8098 | D:9      | Found a shimmering altar of Xom.
  8100 | D:9      | Found a shimmering altar of Xom.
  8100 | D:9      | Found a shimmering altar of Xom.
  8101 | D:9      | Found a shimmering altar of Xom.
  8103 | D:9      | Found a shimmering altar of Xom.
  8108 | D:9      | You fall through a shaft!
  8108 | D:10     | Entered Level 10 of the Dungeon
  8207 | D:10     | Noticed Harold
  8215 | D:10     | Noticed Fannar
  8464 | D:9      | Acquired Beogh's third power
  8555 | D:9      | Noticed Erolcha
  8568 | D:9      | Killed Erolcha
  8568 | D:9      | Reached skill level 10 in Long Blades
  8742 | D:9      | Found an ancient bone altar of Kikubaaqudgha.
  8742 | D:9      | Found a sparkling altar of Nemelex Xobeh.
  9108 | D:10     | Reached skill level 1 in Invocations
  9143 | D:10     | Learned a level 3 spell: Tukima's Dance
  9167 | D:10     | Gained Horkud as an ally
  9175 | D:10     | Noticed a hill giant
  9187 | D:10     | Killed a hill giant
  9219 | D:10     | Reached skill level 10 in Fighting
  9220 | D:10     | Reached XP level 11. HP: 49/100 MP: 14/14
  9660 | D:10     | Killed Fannar
  9660 | D:10     | Reached skill level 5 in Invocations
  9667 | D:10     | Killed Harold
 10008 | D:10     | Found a staircase to the Lair.
 10143 | D:11     | Acquired Beogh's fourth power
 10314 | D:11     | Noticed a hill giant
 10320 | D:11     | Killed a hill giant
 10699 | Lair:1   | Entered Level 1 of the Lair of Beasts
 10718 | Lair:1   | Noticed Urug
 10728 | Lair:1   | Killed Urug
 10755 | Lair:1   | Reached skill level 5 in Armour
 10759 | Lair:1   | Found a labyrinth entrance.
 10768 | Lab      | Entered a labyrinth
 10959 | Lab      | Noticed a minotaur
 10974 | Lab      | Identified the Tome of Transformation
 11013 | Lair:1   | Got a smoking cloak
 11026 | Lair:1   | Reached skill level 5 in Shields
 11037 | Lair:1   | Identified a scroll of acquirement
 11047 | Lair:1   | Identified the +4 cloak of the Barnacle {rCorr} (You found it on level 1 of the Lair of Beasts)
 11069 | Lair:1   | Got a crystal mace
 11070 | Lair:1   | Identified the cursed +0 mace of Slow Death {speed, rPois rC+} (You found it on level 1 of the Lair of Beasts)
 11166 | Lair:1   | Noticed a spriggan rider
 11174 | Lair:1   | Killed a spriggan
 11175 | Lair:1   | Killed a wasp
 11272 | Lair:1   | Noticed a five-headed hydra
 11279 | Lair:1   | Killed a three-headed hydra
 11390 | Lair:1   | Reached XP level 12. HP: 55/110 MP: 18/18
 11875 | Lair:2   | Noticed a seven-headed hydra
 11885 | Lair:2   | Killed a seven-headed hydra
 11926 | Lair:2   | Noticed a seven-headed hydra
 11932 | Lair:2   | Killed a seven-headed hydra
 11936 | Lair:2   | Reached skill level 10 in Invocations
 11943 | Lair:2   | Gained Beowulf as an ally
 12313 | Lair:2   | Acquired Beogh's fifth power
 12424 | Lair:2   | Noticed Gastronok
 12447 | Lair:2   | Killed Gastronok
 12662 | Lair:3   | Found a staircase to the Swamp.
 12681 | Lair:3   | Noticed a five-headed hydra
 12689 | Lair:3   | Killed a four-headed hydra
 12888 | Lair:3   | Reached XP level 13. HP: 110/116 MP: 21/21
 13810 | Lair:5   | Found a blossoming altar of Fedhas.
 13899 | Lair:5   | Reached skill level 10 in Armour
 14052 | Lair:6   | Reached skill level 1 in Hexes
 14054 | Lair:6   | Reached skill level 10 in Shields
 14178 | Lair:6   | Found a staircase to the Snake Pit.
 14388 | Lair:6   | Found a staircase to the Slime Pits.
 14388 | Lair:6   | Found a viscous altar of Jiyva.
 14519 | Lair:6   | Found a shimmering altar of Xom.
 14644 | Lair:7   | Got a dull robe
 14645 | Lair:7   | Identified the +1 robe of Ashenzari's Whim {rN+} (You found it on level 7 of the Lair of Beasts)
 14759 | Lair:7   | Noticed Kirke
 14767 | Lair:7   | Killed Kirke
 15060 | Lair:8   | Entered Level 8 of the Lair of Beasts
 15281 | Lair:8   | Found a runed door.
 15336 | Lair:8   | Reached XP level 14. HP: 102/127 MP: 23/23
 15556 | Lair:8   | Noticed Maud
 15568 | Lair:8   | Killed Maud
 16062 | Lair:8   | Paralysed by a hornet for 2 turns
 16081 | Lair:8   | HP: 24/129 [poisoned by a hornet]
 16086 | Lair:8   | HP: 20/129 [poisoned by a hornet]
 16091 | Lair:8   | HP: 16/129 [poisoned by a hornet]
 16097 | Lair:8   | HP: 14/129 [poisoned by a hornet]
 16102 | Lair:8   | Your ally Horkud died
 16103 | Lair:8   | HP: 13/129 [poisoned by a hornet]
 16111 | Lair:8   | HP: 13/129 [poisoned by a hornet]
 16119 | Lair:8   | HP: 14/129 [poisoned by a hornet]
 17200 | D:12     | Found Feociosh's Assorted Antiques.
 17203 | D:12     | Bought a scroll of magic mapping for 66 gold pieces
 17218 | D:12     | Found Zucliph's Gadget Shoppe.
 17240 | D:12     | Found a flickering gateway to a bazaar.
 17264 | Bazaar   | Entered a bazaar
 17272 | Bazaar   | Found Irown's Antique Armour Shop.
 17302 | Bazaar   | Found Riupt's Gadget Shop.
 17326 | Bazaar   | Bought an ichor-stained scale mail for 270 gold pieces
 17326 | Bazaar   | Identified the cursed +1 scale mail "Jylipt" {MR+} (You bought it in a shop in a bazaar)
 17360 | D:12     | Found Etimarips's Armour Boutique.
 17363 | D:12     | Found a staircase to the Orcish Mines.
 17393 | D:12     | Found Tixtiog's Jewellery Boutique.
 17547 | D:12     | Killed an unseen horror
 17562 | D:12     | Found Xyduph's Gadget Emporium.
 17640 | D:12     | Gained Wargath as an ally
 17961 | Orc:1    | Entered Level 1 of the Orcish Mines
 18143 | Orc:2    | Noticed Sonja
 18151 | Orc:2    | Killed Sonja
 18151 | Orc:2    | Reached skill level 1 in Evocations
 18407 | Orc:3    | Found a staircase to the Elven Halls.
 18433 | Elf:1    | Entered Level 1 of the Elven Halls
 18612 | Orc:3    | Found Gugucul's Book Shop.
 18644 | Orc:4    | Entered Level 4 of the Orcish Mines
 18654 | Orc:4    | Found Eloenwuav's General Store.
 18663 | Orc:4    | Found Xyna Zohann's Antique Weapon Shop.
 18665 | Orc:4    | Noticed an orc warlord
 18672 | Orc:4    | an orc warlord (ally) was killed
 18741 | Orc:4    | Found Vagrele's Antique Armour Shoppe.
 18865 | Orc:4    | Found Ficad's Jewellery Emporium.
 18888 | Orc:4    | Bought an uncursed amulet of regeneration for 360 gold pieces
 18903 | Orc:4    | Gained Marbork as an ally
 18906 | Orc:4    | Reached XP level 15. HP: 131/137 MP: 24/24
 19044 | Orc:1    | Found a roughly hewn altar of Beogh.
 19644 | Swamp:1  | Entered Level 1 of the Swamp
 19652 | Swamp:1  | Got an encrusted leather armour
 19653 | Swamp:1  | Identified the +2 leather armour "Huost" {rPois rF+} (You found it on level 1 of the Swamp)
 19704 | Swamp:1  | Reached skill level 14 in Fighting
 19745 | Swamp:2  | Noticed Donald
 19754 | Swamp:2  | Gained Olfrun as an ally
 19759 | Swamp:2  | Killed Donald
 19822 | Swamp:3  | Your ally Olfrun died
 19827 | Swamp:3  | Your ally Beowulf died
 19853 | Swamp:3  | HP: 26/138 [vampire mosquito (4)]
 19853 | Swamp:3  | HP: 12/138 [ten-headed hydra (14)]
 19854 | Swamp:3  | Slain by a ten-headed hydra

Table legend:
 A = Turns spent in this place as a percentage of turns spent in the entire game.
 B = Non-inter-level travel turns spent in this place as a percentage of non-inter-level travel turns spent in the entire game.
 C = Inter-level travel turns spent in this place as a percentage of turns spent in this place.
 D = Turns resting spent in this place as a percentage of non-inter-level travel turns spent in this place.
 E = Turns spent auto-exploring this place as a percentage of non-inter-level travel turns spent in this place.
 F = Non-inter-level travel turns spent in this place divided by the number of levels of this place that you've seen.
                   A       B       C       D       E      F
               +-------+-------+-------+-------+-------+----------------------
         Total | 100.0 | 100.0 |   0.2 |   1.1 |   3.0 | 333.2
       Dungeon |  39.2 |  39.2 |   0.3 |   1.9 |   7.1 | 337.3
        Temple |   0.3 |   0.3 |   0.0 |   0.0 |  51.7 |  29.0
          Lair |  43.9 |  43.9 |   0.2 |   0.7 |   0.2 | 567.0
         Swamp |   2.2 |   2.2 |   0.0 |   0.0 |   0.0 |  75.3
  Orcish Mines |   9.7 |   9.7 |   0.0 |   0.4 |   0.0 | 250.5
   Elven Halls |   1.6 |   1.6 |   0.0 |   0.0 |   0.0 | 167.0
     Labyrinth |   2.3 |   2.3 |   0.0 |   0.0 |   0.0 | 236.0
        Bazaar |   0.8 |   0.8 |   0.0 |   0.0 |   0.0 |  84.0
               +-------+-------+-------+-------+-------+----------------------

Table legend:
 A = Kills in this place as a percentage of kills in entire the game.
 B = Kills by you in this place as a percentage of kills by you in the entire game.
 C = Kills by friends in this place as a percentage of kills by friends in the entire game.
 D = Other kills in this place as a percentage of other kills in the entire game.
 E = Experience gained in this place as a percentage of experience gained in the entire game.
 F = Experience gained in this place divided by the number of levels of this place that you have seen.
                   A       B       C       D       E      F
               +-------+-------+-------+-------+-------+----------------------
         Total | 100.0 | 100.0 | 100.0 |  -nan | 100.0 | 2949.1
       Dungeon |  40.1 |  53.2 |  16.5 |  -nan |  22.2 | 1691.3
          Lair |  47.7 |  39.4 |  62.3 |  -nan |  63.3 | 7232.0
         Swamp |   2.5 |   1.7 |   3.8 |  -nan |   4.8 | 1454.3
  Orcish Mines |   7.3 |   3.4 |  14.2 |  -nan |   6.3 | 1442.0
   Elven Halls |   2.5 |   2.2 |   3.1 |  -nan |   3.4 | 3139.0
               +-------+-------+-------+-------+-------+----------------------

Vanquished Creatures
  Gastronok (Lair:2)
  Maud (Lair:8)
  Erolcha (D:9)
  Fannar (D:10)
  3 hydras
  3 death yaks (Lair:6)
  An orc high priest (Orc:4)
  An unseen horror (D:12)
  An orc knight (Orc:4)
  2 hill giants (D:12)
  A deep elf conjurer (Elf:1)
  A lindwurm (Lair:8)
  2 hornets (Lair:8)
  An oklob plant (Lair:6)
  6 elephants
  A guardian serpent (Lair:8)
  Maurice (D:8)
  11 spiny frogs
  2 torpor snails (Lair:8)
  4 black mambas
  6 komodo dragons
  2 fire drakes
  A troll (D:10)
  4 giant leeches
  9 blink frogs
  A bog body (Swamp:2)
  A shadow (Swamp:3)
  3 deep elf magi (Elf:1)
  Eustachio (D:5)
  6 deep elf fighters (Elf:1)
  2 hungry ghosts
  2 basilisks
  15 yaks
  A naga (Lair:6)
  3 soldier ants (D:12)
  8 hippogriffs
  A wolf (Lair:1)
  2 vampire mosquitoes (Swamp:1)
  2 swamp worms (Swamp:1)
  8 porcupines
  8 water moccasins
  3 spiders (Lair:8)
  A phantom (D:10)
  2 ice beasts
  8 ogres
  9 orc warriors
  A black bear (D:12)
  5 centaurs
  3 wasps (Lair:8)
  11 crocodiles
  3 brain worms (Lair:8)
  13 giant frogs
  A big kobold (D:10)
  A wyvern zombie (D:12)
  2 water moccasin skeletons
  2 scorpions
  An electric eel (Lair:5)
  7 killer bees
  10 wights
  4 crimson imps
  A hound (D:12)
  2 centaur zombies
  2 giant frog skeletons
  4 giant frog zombies
  8 iguanas
  5 orc priests
  Ijyb (D:2)
  2 centaur skeletons
  19 worker ants
  10 orc wizards
  12 adders
  46 river rats
  3 shadow imps
  4 oozes
  An adder zombie (D:8)
  3 adder skeletons (D:4)
  12 worms
  2 giant geckos
  31 orcs
  7 bats
  10 hobgoblins
  17 kobolds
  4 quokkas
  2 ball pythons (D:2)
  9 giant cockroaches
  A giant cockroach zombie (D:6)
  5 giant newts
  3 goblins
  15 jackals
  A jackal skeleton (D:5)
  A quokka skeleton (D:7)
  3 rats
  2 plants
466 creatures vanquished.

Vanquished Creatures (collateral kills)
  Kirke (Lair:7)
  An orc warlord (Swamp:3)
  Donald (Swamp:2)
  Harold (D:10)
  An ice dragon (Lair:8)
  3 hydras
  A queen ant (D:12)
  3 death yaks (Lair:6)
  An orc high priest (Swamp:3)
  Urug (Lair:1)
  Sonja (Orc:2)
  A lindwurm (Lair:8)
  A spriggan druid (Swamp:3)
  3 orc knights (Orc:4)
  2 hill giants
  2 orc sorcerers (Orc:4)
  3 ugly things
  A wolf spider (Lair:8)
  A hornet (Lair:8)
  A manticore (D:11)
  A griffon (Lair:5)
  18 spiny frogs
  2 black mambas (Lair:8)
  A centaur zombie (D:11)
  3 elephants
  4 torpor snails (Lair:8)
  5 komodo dragons
  3 fire drakes
  A giant leech (Lair:8)
  A troll (D:10)
  A polar bear (Lair:4)
  A two-headed ogre (D:11)
  A bog body (Swamp:2)
  A boulder beetle (Lair:8)
  11 blink frogs
  A spriggan (Lair:1)
  A shadow (D:12)
  13 yaks
  4 deep elf magi (Elf:1)
  A vampire mosquito (Swamp:1)
  4 wyverns
  2 hippogriffs
  4 basilisks
  2 deep elf fighters (Elf:1)
  3 wolves (Lair:1)
  4 wargs (Orc:4)
  4 soldier ants (D:12)
  12 water moccasins
  2 swamp drakes (Swamp:3)
  5 ogres
  A spider (Lair:8)
  A wasp (Lair:1)
  7 orc warriors
  5 porcupines
  10 crocodiles
  3 giant frogs
  A scorpion (Lair:3)
  2 killer bees (D:10)
  5 orc priests
  A hound (D:10)
  4 orc wizards
  An iguana (Lair:1)
  17 worker ants
  5 adders
  35 river rats
  6 worms (Lair:8)
  18 orcs
  2 bushes (Lair:1)
  15 fungi
  7 plants
292 creatures vanquished.

Vanquished Creatures (others)
  2 orc warlords
  An orc high priest (Elf:1)
  12 orc warriors
  A killer bee (D:10)
  6 orc priests
  5 orc wizards
  A river rat (Lair:5)
  46 orcs
  4 fungi
  15 plants (Lair:8)
93 creatures vanquished.

Grand Total: 851 creatures vanquished
